 Dungeon Crawl Stone Soup version 0.19-a0-593-gf2cdb02 (webtiles) character file.

27831 pk666 the Warrior (level 13, -1/190 HPs)
             Began as a Minotaur Berserker on June 10, 2016.
             Was the Champion of Trog.
             Succumbed to a soldier ant's poison
             ... on level 3 of the Lair of Beasts.
             The game lasted 00:32:53 (14009 turns).

pk666 the Warrior (Minotaur Berserker)             Turns: 14009, Time: 00:32:54

Health: -1/190     AC: 21    Str: 32    XL:     13   Next: 6%
Magic:  4/4        EV:  9    Int:  4    God:    Trog [******]
Gold:   806        SH:  0    Dex: 10    Spells: 0 memorised, 12 levels left

rFire  . . .     SeeInvis +     S - +6 executioner's axe (antimagic)
rCold  . . .     Gourm    .     j - +0 plate armour
rNeg   . . .     Faith    .     (shield currently unavailable)
rPois  .         Spirit   .     (helmet restricted)
rElec  .         Dismiss  .     V - +1 cloak
rCorr  +         Reflect  .     v - +0 pair of gloves
SustAt .         Harm     .     (no boots)
MR     ++...                    (no amulet)
Stlth  ..........               x - ring of resist corrosion
                                i - ring of see invisible (curse)

@: berserking, lethally poisoned (-1 -> -9), regenerating, very quick, very
resistant to hostile enchantments, extremely unstealthy
A: retaliatory headbutt, horns 2
a: Berserk, Trog's Hand, Brothers in Arms, Burn Spellbooks, Renounce Religion


You were on level 3 of the Lair of Beasts.
You worshipped Trog.
Trog was exalted by your worship.
You were hungry.

You visited 2 branches of the dungeon, and saw 14 of its levels.

You collected 939 gold pieces.
You spent 133 gold pieces at shops.

Inventory:

Hand Weapons
 t - a +0 war axe
 S - a +6 antimagic executioner's axe (weapon)
Armour
 j - a +0 plate armour (worn)
 v - a +0 pair of gloves (worn)
 V - a +1 cloak (worn)
Jewellery
 i - a cursed ring of see invisible (left hand)
 r - an uncursed ring of protection from cold
 x - a ring of resist corrosion (right hand)
 C - an uncursed ring of flight
 D - an uncursed ring of positive energy
 U - an uncursed ring of ice
Wands
 h - a wand of acid (8/15)
 w - a wand of digging (16/24)
 G - a wand of digging (12/24)
 H - a wand of slowing (15/48)
 T - a wand of iceblast (6/15)
Scrolls
 a - 4 scrolls of remove curse
 d - 3 scrolls of enchant weapon {unknown}
 e - 5 scrolls of magic mapping
 k - 4 scrolls of random uselessness {unknown}
 q - 2 scrolls of recharging {unknown}
 s - 6 scrolls of identify {unknown}
 u - 2 scrolls of noise {unknown}
 y - a scroll of blinking {unknown}
 A - 2 scrolls of amnesia {unknown}
 E - a scroll of enchant armour {unknown}
 L - 2 scrolls of teleportation {unknown}
 M - 5 scrolls of immolation {unknown}
 N - 2 scrolls of brand weapon {unknown}
 P - a scroll of fear {unknown}
Potions
 b - 4 potions of lignification {unknown}
 f - 5 potions of heal wounds {unknown}
 m - 4 potions of agility {unknown}
 n - a potion of magic {unknown}
 o - 2 potions of cancellation {unknown}
 p - 13 potions of degeneration
 z - 2 potions of flight {unknown}
 B - 2 potions of brilliance {unknown}
 F - 3 potions of might {unknown}
 J - 2 potions of curing
 K - a potion of resistance {unknown}
 O - 2 potions of berserk rage {unknown}
 Q - 2 potions of haste {unknown}
Comestibles
 c - 9 bread rations
 g - 7 beef jerkies
 l - 11 meat rations
 I - 9 slices of pizza
 R - 4 fruits


   Skills:
 + Level 15.2 Fighting
 + Level 14.9 Axes
 + Level 14.7 Armour
 - Level 2.9 Dodging


You had 12 spell levels left.
You didn't know any spells.

Dungeon Overview and Level Annotations

Branches:
Dungeon (11/15)            Temple (0/1) D:6            Lair (3/6) D:11
 Shoals (0/4) Lair:3          Orc (0/2) D:10
  Snake: Lair:2-4    Spider: Lair:2-4

Altars:
Ashenzari
Fedhas
Okawaru
Pakellas
The Shining One

Shops:
D:5 (   D:7 *


Innate Abilities, Weirdness & Mutations

You reflexively headbutt those who attack you in melee.
You have a pair of horns on your head.


Message History

The soldier ant stings you but does no damage.
You closely miss the soldier ant. You headbutt the soldier ant.
You kill the soldier ant!
Trog accepts your kill.
* * * LOW HITPOINT WARNING * * *
You feel very sick.
You slice the soldier ant!!
You headbutt the soldier ant, but do no damage.
The soldier ant is severely wounded.
* * * LOW HITPOINT WARNING * * *
You feel sick. The soldier ant barely misses you.
You closely miss the soldier ant.
The soldier ant is severely wounded.
* * * LOW HITPOINT WARNING * * *
You feel very sick. The soldier ant stings you.
* * * LOW HITPOINT WARNING * * *
You closely miss the soldier ant. You headbutt the soldier ant.
The soldier ant is almost dead.
You die...

.##..÷............ . .#.
.###............# ### ..
..#.#...........## #..###
...##
..........)......##......
..... ...#............#
......# .....
..P##...........##......#
#.## ................#a#
#.. .###............#a#
#.. ..##............@##
#..
####..............#.##
....
#.#............†......
.....
#.............#.......
.....
#..#....#.####....#..#
..... ####....####
........# ... ##......##
#...#P.#. ..# #.###...#
.....P.. # ### ##.##
#......


You could see a soldier ant and a worker ant.

Vanquished Creatures
  The ghost of tyrsky the Cleaver, a journeyman MiFi of Okawaru (Lair:2)
  2 hydras (Lair:2)
  3 death yaks (Lair:1)
  A queen ant (Lair:3)
  2 unseen horrors (D:11)
  Pikel (D:7)
  An ugly thing (D:11)
  A griffon (Lair:3)
  2 cyclopes (D:11)
  A manticore (Lair:3)
  A gargoyle (D:10)
  3 spiny frogs
  2 komodo dragons
  2 trolls
  A two-headed ogre (D:8)
  Prince Ribbit (D:9)
  5 blink frogs (Lair:3)
  A shadow (D:11)
  A wraith (D:11)
  24 yaks
  A human (D:7)
  3 hungry ghosts
  4 hippogriffs
  3 basilisks
  A hog (D:7)
  Menkaure (D:4)
  Edmund (D:5)
  16 soldier ants
  5 water moccasins
  5 porcupines
  3 orc warriors
  An ice beast (D:8)
  2 black bears
  A necrophage (D:10)
  A phantom (D:6)
  An eye of draining (D:11)
  A sky beast (D:7)
  7 ogres
  10 centaurs
  8 crocodiles
  A big kobold (D:10)
  6 giant frogs
  A wyvern zombie (D:11)
  A water moccasin zombie (D:8)
  5 scorpions
  6 wights
  18 killer bees
  A howler monkey (D:8)
  5 crimson imps
  A giant frog zombie (D:10)
  A wasp zombie (D:10)
  A lava snake (D:10)
  A quasit (D:9)
  4 hounds
  4 jellies
  9 orc priests
  Crazy Yiuf (D:3)
  A centaur skeleton (D:9)
  13 orc wizards
  Jessica (D:3)
  6 hell rats (Lair:3)
  4 iguanas
  22 worker ants
  25 sheep
  A hound zombie (D:7)
  A hound skeleton (D:11)
  2 worker ant zombies
  A howler monkey skeleton (D:8)
  8 adders
  39 river rats
  5 shadow imps
  An ooze (D:7)
  An adder zombie (D:6)
  2 worms
  2 giant geckos
  49 orcs
  4 giant cockroaches
  3 goblins
  7 hobgoblins
  4 jackals
  15 kobolds
  8 quokkas
  A giant cockroach zombie (D:6)
  A giant gecko skeleton (D:4)
  4 giant newts
  2 jackal skeletons
  7 rats
  4 fungi
  A plant (D:11)
442 creatures vanquished.

Vanquished Creatures (others)
  A yak (D:10)
  A swamp drake (D:10)
  A slave (D:7)
  A necrophage (D:7)
  A centaur (D:7)
  A giant frog (D:7)
  A scorpion (D:7)
  A sheep (D:7)
  A plant (Lair:2)
9 creatures vanquished.

Grand Total: 451 creatures vanquished

Notes
Turn   | Place    | Note
--------------------------------------------------------------
     0 | D:1      | pk666 the Minotaur Berserker began the quest for the Orb.
     0 | D:1      | Reached XP level 1. HP: 19/19 MP: 0/0
   115 | D:1      | Reached XP level 2. HP: 22/27 MP: 1/1
   794 | D:2      | Reached XP level 3. HP: 33/33 MP: 2/2
  1060 | D:2      | Reached skill level 4 in Fighting
  1258 | D:2      | Found a glowing golden altar of the Shining One.
  1443 | D:3      | Reached ** piety under Trog
  1444 | D:3      | Reached XP level 4. HP: 28/40 MP: 3/3
  1655 | D:3      | Noticed Jessica
  1658 | D:3      | Killed Jessica
  1658 | D:3      | Reached skill level 5 in Axes
  1658 | D:3      | Reached XP level 5. HP: 47/47 MP: 4/4
  1794 | D:3      | Found a faded altar of an unknown god.
  1873 | D:3      | Reached skill level 5 in Fighting
  1876 | D:3      | Reached XP level 6. HP: 6/56 MP: 5/5
  2235 | D:3      | Found a shattered altar of Ashenzari.
  2317 | D:3      | Noticed Crazy Yiuf
  2320 | D:3      | Killed Crazy Yiuf
  2811 | D:4      | Reached skill level 6 in Fighting
  2811 | D:4      | Reached skill level 5 in Armour
  2952 | D:4      | Noticed Menkaure
  2959 | D:4      | Killed Menkaure
  2959 | D:4      | Reached XP level 7. HP: 64/64 MP: 6/6
  3083 | D:5      | Entered Level 5 of the Dungeon
  3177 | D:5      | Found a shattered altar of Ashenzari.
  3188 | D:5      | Reached *** piety under Trog
  3347 | D:5      | Found Fezoe's Weapon Shop.
  3369 | D:5      | Noticed Edmund
  3375 | D:5      | Killed Edmund
  3379 | D:5      | Reached skill level 7 in Fighting
  3696 | D:6      | Found a staircase to the Ecumenical Temple.
  3913 | D:6      | Found an iron altar of Okawaru.
  3945 | D:6      | Reached XP level 8. HP: 50/73 MP: 7/7
  4241 | D:7      | Reached skill level 8 in Fighting
  4300 | D:7      | Noticed Pikel
  4307 | D:7      | Killed Pikel
  4658 | D:7      | Reached XP level 9. HP: 79/82 MP: 8/8
  4670 | D:7      | Reached skill level 9 in Fighting
  4863 | D:7      | Found Ravomic's General Store.
  4899 | D:7      | Bought a scroll of remove curse for 42 gold pieces
  4899 | D:7      | Bought a scroll of magic mapping for 49 gold pieces
  4899 | D:7      | Bought a potion of curing for 42 gold pieces
  4901 | D:7      | Reached **** piety under Trog
  5685 | D:8      | Noticed a troll
  5692 | D:8      | Killed a troll
  5692 | D:8      | Reached skill level 10 in Fighting
  5692 | D:8      | Reached skill level 10 in Axes
  6008 | D:8      | Reached ***** piety under Trog
  6325 | D:9      | Reached skill level 10 in Armour
  6327 | D:9      | Reached XP level 10. HP: 94/94 MP: 9/9
  6643 | D:9      | Found a blossoming altar of Fedhas.
  6656 | D:9      | Reached skill level 11 in Fighting
  6794 | D:9      | Noticed Prince Ribbit
  6804 | D:9      | Killed Prince Ribbit
  6825 | D:9      | Found an oddly glowing altar of Pakellas.
  7075 | D:10     | Entered Level 10 of the Dungeon
  7640 | D:10     | Noticed a gargoyle
  7649 | D:10     | Killed a gargoyle
  8016 | D:10     | Found a staircase to the Orcish Mines.
  8025 | D:10     | Reached skill level 12 in Fighting
  8370 | D:10     | Reached XP level 11. HP: 104/104 MP: 10/10
  9192 | D:11     | Noticed an unseen horror
  9210 | D:11     | Killed an unseen horror
  9479 | D:11     | Received a gift from Trog
  9615 | D:11     | Found a staircase to the Lair.
  9681 | D:11     | Noticed a brown ugly thing
  9697 | D:11     | Killed a brown ugly thing
  9697 | D:11     | Reached skill level 13 in Fighting
 10262 | D:11     | Noticed an unseen horror
 10270 | D:11     | Killed an unseen horror
 10387 | D:11     | Reached ****** piety under Trog
 10411 | Lair:1   | Entered Level 1 of the Lair of Beasts
 10435 | Lair:1   | Noticed a death yak
 10437 | Lair:1   | Noticed a death yak
 10438 | Lair:1   | Noticed a death yak
 10443 | Lair:1   | Killed a death yak
 10453 | Lair:1   | Killed a death yak
 10453 | Lair:1   | Reached XP level 12. HP: 56/116 MP: 11/11
 10456 | Lair:1   | Killed a death yak
 11538 | Lair:1   | Reached skill level 14 in Fighting
 11864 | Lair:2   | Received a gift from Trog
 11865 | Lair:2   | Noticed tyrsky's ghost (journeyman MiFi)
 11876 | Lair:2   | Noticed a four-headed hydra
 11881 | Lair:2   | Killed tyrsky's ghost
 11889 | Lair:2   | Killed a nine-headed hydra
 12091 | Lair:2   | Noticed a seven-headed hydra
 12097 | Lair:2   | Killed a ten-headed hydra
 12959 | Lair:3   | Received a gift from Trog
 13111 | Lair:3   | Found a staircase to the Shoals.
 13690 | Lair:3   | Reached skill level 15 in Fighting
 13941 | Lair:3   | Noticed a queen ant
 13950 | Lair:3   | Killed a queen ant
 13950 | Lair:3   | Reached XP level 13. HP: 57/126 MP: 4/12
 13980 | Lair:3   | Received a gift from Trog
 14004 | Lair:3   | HP: 9/190 [soldier ant (2)]
 14007 | Lair:3   | HP: 4/190 [poisoned by a soldier ant]
 14008 | Lair:3   | HP: 1/190 [soldier ant (1)]
 14009 | Lair:3   | Succumbed to a soldier ant's poison

Vault maps used:
D:1:      elethiomel_arrival_infinity_welcomes_careful_drivers
D:2:      nicolae_overflow_crystal_walls
D:3:      lemuel_coloured_pillars_altar, ecumenical_altar_1, first_bread,
          uniq_jessica, uniq_crazy_yiuf_cottage
D:4:      black_bear_nest_1, dk_noncrumbling_2, uniq_menkaure
D:5:      serial_shops, shop, grunt_ministairs_4, cheibrodos_ashenzari_chains,
          uniq_edmund
D:6:      minmay_klotski, okawaru_ov_weapons_minmay, minmay_temple_entry_statues
D:7:      serial_shops, shop, grunt_livestock, st_stairs_13, uniq_pikel
D:9:      grunt_pakellas_basics, basic_altar, uniq_prince_ribbit1
D:10:     erik_orc_1, serial_co_window_serial, co_window_cross_1,
          co_window_of_opportunity_a, co_window_corner_a, co_window_paths_b,
          co_window_paths_a, co_window_2corner, co_window_corner_b,
          co_window_paths_c, co_window_corner_ca, glass_columns_b,
          glass_columns_b, glass_columns_a, glass_columns_c, glass_columns_b,
          corexii_hall_statues_u, nicolae_lava_and_water
D:11:     minmay_lair_entry_grove
Lair:1:   infiniplex_staircase_pool, lemuel_fruit_tree
Lair:2:   st_stairs_11
Lair:3:   minmay_shoals_entry_beasts, minivault_29, serial_bayou_shore_b

Skill      XL: |  1  2  3  4  5  6  7  8  9 10 11 12 |
---------------+-------------------------------------+-----
Axes           | 4 5 6 7 8 10 11 13 14 | 14.9
Fighting       | 4 5 6 7 8 10 12 13 15 | 15.2
Armour         | 3 4 5 6 8 10 11 13 14 | 14.7
Dodging        | |  2.9

Action                   |  1- 3 |  4- 6 |  7- 9 | 10-12 | 13-15 || total
-------------------------+-------+-------+-------+-------+-------++-------
Melee: Hand axe          |    61 |    45 |       |       |       ||   106
       Headbutt          |    15 |    16 |    71 |   151 |    10 ||   263
       War axe           |       |    56 |   297 |   489 |       ||   842
       Executioner's axe |       |       |       |   151 |    53 ||   204
Invok: Berserk           |       |     2 |     4 |     7 |     1 ||    14
       Burn Spellbooks   |       |       |     2 |       |       ||     2
       Trog's Hand       |       |       |       |       |     1 ||     1
  Eat: Chunk             |     1 |     6 |    16 |    32 |       ||    55
       Fruit             |       |       |       |    10 |       ||    10
       Royal jelly       |       |       |       |     3 |       ||     3
Armor: Animal skin       |     1 |       |       |       |       ||     1
       Plate armour      |    18 |    64 |   167 |   476 |    28 ||   753
Dodge: Dodged            |    30 |    47 |    94 |   334 |    13 ||   518
